 Dungeon Crawl Stone Soup version 0.19-a0-1682-g5114f93 (webtiles) character file.

158 TheGoonsmith the Ruffian (level 5, -1/79 HPs)
             Began as a Troll Chaos Knight on Sept 24, 2016.
             Succumbed to slenderog's ghost's poison
             ... on level 3 of the Dungeon.
             The game lasted 00:03:16 (1559 turns).

TheGoonsmith the Ruffian (Troll Chaos Knight)       Turns: 1559, Time: 00:03:17

Health: -1/79      AC: 23    Str: 20    XL:     5   Next: 16%
Magic:  4/4        EV:  1    Int:  8    God:    Xom [...*..]
Gold:   119        SH:  0    Dex: 10    Spells: 0 memorised, 4 levels left

rFire  . . .     SeeInvis .       - Unarmed
rCold  . . .     Gourm    +     (armour currently unavailable)
rNeg   + + +     Faith    .     (no shield)
rPois  +         Spirit   .     (helmet currently unavailable)
rElec  .         Dismiss  .     (cloak currently unavailable)
rCorr  .         Reflect  .     (gloves unavailable)
MR     .....     Harm     .     (boots unavailable)
Stlth  +......... NoTele   +    (no amulet)
                                (no ring)
                                (no ring)

@: lethally poisoned (-1 -> -17), tree-form, very slightly contaminated, hasted,
invisible, very quick
A: unfitting armour, (claws 0), fast metabolism 3, gourmand, regeneration 1,
(shaggy fur 0), (tough skin 0)
a: Renounce Religion


You were on level 3 of the Dungeon.
You worshipped Xom.
You were a favourite toy of Xom.
You were completely stuffed.
You were a tree.
You visited 1 branch of the dungeon, and saw 3 of its levels.

You collected 119 gold pieces.

Inventory:

Armour
 a - a +2 robe (melded)
Jewellery
 m - a cursed -2 ring of dexterity {unknown}
Scrolls
 c - a scroll of remove curse
 h - a scroll of blinking
 k - a scroll of teleportation {unknown}
 l - a scroll of random uselessness {unknown}
 p - a scroll of identify {unknown}
 q - a scroll of enchant armour {unknown}
Potions
 d - a potion of invisibility
 f - a potion of flight
 i - 2 potions of degeneration
Comestibles
 b - 4 bread rations
 o - a beef jerky


   Skills:
 + Level 3.4 Fighting
 - Level 1.9 Dodging
 * Level 5.1 Unarmed Combat


You had 4 spell levels left.
You didn't know any spells.

Dungeon Overview and Level Annotations

Branches:
Dungeon (3/15)

Altars:
Vehumet

Annotations:
D:3 Natasha


Innate Abilities, Weirdness & Mutations

You are too large for most types of armour.
((You have claws for hands.))
Your metabolism is lightning-fast.
You like to eat raw meat.
Your natural rate of healing is unusually fast.
((You are covered in fur. (AC +1)))
((You have very tough skin. (AC +2)))


Message History

You destroy slenderog's ghost!
You feel your strength returning.
You feel your intelligence returning.
You feel your dexterity returning.
Your Unarmed Combat skill increases to level 5!
You have reached level 5!
* * * LOW HITPOINT WARNING * * *
You feel sick.
Unknown command.
Okay, then.
As you read the scroll labeled KOROV DUEHUYTZ, it crumbles to dust.
You feel blessed for a moment.
It was a scroll of remove curse.
* * * LOW HITPOINT WARNING * * *
You feel sick.
As you read the scroll labeled RYFREF OXOY, it crumbles to dust.
You cannot teleport because you are held in place by your roots.
It was a scroll of blinking.
* * * LOW HITPOINT WARNING * * *
You feel sick.
You die...
Xom giggles madly!

#.......#.##...........#
####.####.#####.###..#.#
##.## #.......###..#.##
##...#########..........
#.....###.......##......
#.......#.......##....#.
#.....#.#.......##...##.
##...##.#.......##......
#...##♣#.......##......
#.#.##.#...>...###.##(#
#?#)##w#.......# #.....
##..)...##.## ####<#
#...........##### #.#
#.##............######.#
#. #..........<........#
#. ##.........#[########
..........#.#


You could see a worm.

Vanquished Creatures
  The ghost of slenderog the Shooter, an amateur HEHu of Hepliaklqana (D:3)
  2 oozes
  3 dart slugs
  A leopard gecko (D:1)
  5 orcs
  4 giant cockroaches
  6 hobgoblins
  10 jackals
  A quokka (D:2)
  9 bats
  A frilled lizard (D:2)
  8 goblins
  6 kobolds
  4 rats (D:1)
61 creatures vanquished.

Notes
Turn   | Place    | Note
-------+----------+-------------------------------------------
     0 | D:1      | TheGoonsmith the Troll Chaos Knight began the quest for the Orb.
     0 | D:1      | Reached XP level 1. HP: 22/22 MP: 0/0
    15 | D:1      | You fall through a shaft!
    15 | D:2      | Found a radiant altar of Vehumet.
    24 | D:2      | XOM: harmless Tmut miscast
    98 | D:2      | Reached XP level 2. HP: 29/29 MP: 1/1
   454 | D:1      | Reached XP level 3. HP: 36/36 MP: 2/2
   583 | D:1      | XOM: divination: detect items
   907 | D:1      | XOM: mild Tloc miscast
  1109 | D:2      | XOM: harmless Ice miscast
  1113 | D:2      | Reached skill level 4 in Unarmed Combat
  1222 | D:2      | XOM: divination: detect items
  1286 | D:2      | Reached XP level 4. HP: 45/45 MP: 3/3
  1372 | D:3      | Noticed Natasha
  1537 | D:3      | Noticed slenderog's ghost (amateur HEHu)
  1556 | D:3      | Killed slenderog's ghost
  1556 | D:3      | Reached skill level 5 in Unarmed Combat
  1556 | D:3      | Reached XP level 5. HP: 5/53 MP: 4/4
  1557 | D:3      | HP: 2/79 [poisoned by slenderog's ghost]
  1559 | D:3      | Succumbed to slenderog's ghost's poison

Vault maps used:
D:1:      minmay_arrival_widening_spiral_wide
D:2:      vehumet_crystals
D:3:      old_standard_altar, first_bread, uniq_natasha, uniq_robin

Skill      XL: |  1  2  3  4 |
---------------+-------------+-----
Unarmed Combat | 4 5 |  5.1
Fighting       | 3 |  3.4
Dodging        | |  1.9

Action                   |  1- 3 |  4- 6 || total
-------------------------+-------+-------++-------
Melee: Unarmed           |   140 |    28 ||   168
       Punch             |     3 |       ||     3
  Use: Potion            |       |     6 ||     6
       Scroll            |       |     2 ||     2
 Stab: Sleeping          |     1 |       ||     1
  Eat: Chunk             |    17 |     3 ||    20
Armor: Robe              |   105 |    14 ||   119
       Skin              |       |     4 ||     4
Dodge: Dodged            |   108 |     8 ||   116
